 Dungeon Crawl Stone Soup version 0.31-a0-1321-g5021b54cb2 (webtiles) character file.

Game seed: 18295208441471665313

1375 cowhearter the Ruffian (level 8, 0/51 HPs)
             Began as an Octopode Shapeshifter on Dec 21, 2023.
             Was a Believer of Dithmenos.
             Killed from afar by a steam dragon (27 damage)
             ... with a ball of steam
             ... on level 6 of the Dungeon.
             The game lasted 00:11:26 (5699 turns).

cowhearter the Ruffian (Octopode Shapeshifter)      Turns: 5699, Time: 00:11:26

Health: 0/51       AC:  1    Str: 14    XL:     8   Next: 66%
Magic:  8/8        EV: 14    Int: 12    God:    Dithmenos [**....]
Gold:   172        SH:  0    Dex: 13    Spells: 7/7 levels left

rFire   . .          .
                       - Unarmed
rCold   . . .        (no shield)
rNeg    . . .        (helmet currently unavailable)
rPois   .            (no amulet)
rElec   .            (no ring)
rCorr   .            (no ring)
SInv    .            (no ring)
Will    .....        (no ring)
Stlth   +++++        (no ring)
HPRegen 0.28/turn    (no ring)
MPRegen 0.11/turn    (no ring)
                     (no ring)

%: no passive effects
@: beast-form, wreathed by umbra
A: beast (slay +2), almost no armour, amphibious, 8 rings, camouflage 1,
gelatinous body 1, (nimble swimmer 1), tentacles
a: Begin Untransformation, Renounce Religion, Shadow Step


You were on level 6 of the Dungeon.
You worshipped Dithmenos.
Dithmenos was pleased with you.
You were a hulking beast.
You visited 1 branch of the dungeon, and saw 6 of its levels.

You collected 172 gold pieces.

Inventory:

Missiles
 j - a throwing net
Jewellery
 u - a ring of positive energy
Talismans
 b - a beast talisman (active)
 c - a flux talisman
Wands
 p - a wand of roots (12)
Scrolls
 e - 8 scrolls of identify {unknown}
 f - 4 scrolls of amnesia {unknown}
 g - 3 scrolls of noise {unknown}
 h - 2 scrolls of revelation {unknown}
 i - a scroll of enchant weapon {unknown}
 k - 3 scrolls of poison {unknown}
 n - a scroll of brand weapon {unknown}
 q - a scroll of fog {unknown}
 s - a scroll of vulnerability {unknown}
 t - a scroll of fear {unknown}
Potions
 a - a potion of lignification
 d - 3 potions of haste {unknown}
 l - 2 potions of brilliance {unknown}
 m - 4 potions of curing {unknown}
 o - a potion of heal wounds {unknown}
 r - a potion of mutation {unknown}
 v - 2 potions of cancellation {unknown}


   Skills:
 + Level 2.5 Fighting
 + Level 4.3 Dodging
 + Level 6.9 Stealth
 + Level 7.2 Unarmed Combat
 + Level 4.7 Shapeshifting


You had 7 spell levels left.
You didn't know any spells.
Your spell library contained the following spells:

 Spells                   Type           Power      Damage    Failure   Level
 Apportation              Tloc           0%         N/A       32%         1
 Freeze                   Ice            0%         1d3       32%         1
 Jinxbite                 Hex            0%         N/A       45%         2
 Frozen Ramparts          Ice            0%         1d1       69%         3
 Hailstorm                Conj/Ice       0%         3d5       69%         3
 Ozocubu's Armour         Ice            0%         N/A       69%         3
 Volatile Blastmotes      Fire/Tloc      0%         2d10      69%         3
 Fulminant Prism          Conj/Alch      0%         3d5       97%         4
 Iskenderun's Mystic Bla  Conj/Tloc      0%         2d3       97%         4
 Alistair's Intoxication  Alch           0%         N/A       100%        5
 Metabolic Englaciation   Hex/Ice        0%         N/A       100%        5
 Simulacrum               Ice/Necr       0%         N/A       100%        6


Dungeon Overview and Level Annotations

Branches:
Dungeon (6/15)             Temple (0/1) D:5

Altars:
Dithmenos
Elyvilon
Trog
Zin
The Shining One


Innate Abilities, Weirdness & Mutations

You are a hulking beast.
Your limbs bulge with bestial killing power. (Slay +2)
You cannot wear most types of armour.
You are amphibious.
You can wear up to eight rings at the same time.
Your skin changes colour to match your surroundings (Stealth+).
Your rubbery body absorbs attacks. (AC +1, EV +1)
((You are camouflaged when in or above water. (Stealth+)))
You have tentacles for arms and can constrict up to eight enemies at once.


Message History

No target in view!
No target in view!
No target in view!
No target in view!
No target in view!
No target in view!
No target in view!
p - a wand of roots (12) (gained 4 charges)
Things that are here:
a +0 shortbow; a +0 ring mail
Found a +0 dagger.
No target in view!
Found an embroidered cloak.
No target in view!
You see here a +1 cloak of willpower.
h - 2 scrolls labelled PUOCSABRAS (gained 1)
A steam dragon comes into view.
An orc comes into view. It is wielding a +0 hand axe.
Found a dagger.
A jelly comes into view.
The helpless steam dragon fails to defend itself.
You bludgeon the steam dragon!
The steam dragon is moderately wounded.
The steam dragon misses you. The steam dragon claws you.
You tentacle-slap the steam dragon but do no damage.
The steam dragon is moderately wounded.
The steam dragon breathes steam at you. The ball of steam hits you!
You hear a shout!
You tentacle-slap the steam dragon but do no damage.
The steam dragon is moderately wounded.
You are engulfed in a cloud of scalding steam.
You are engulfed in a cloud of scalding steam.
The steam dragon barely misses you.
The steam dragon claws you but does no damage.
You see here a +0 dagger.
The steam dragon breathes steam at you. The ball of steam hits you!!
Ouch! That really hurt!
You die...

... #.#
######....... ...
#.###....[......#
#.#
####.....####.###.##
#.##.............#
#.#
#.#§##.##########
#.# #§.##.# #.#
#.#§##.# #.#
..#.##.##.# .#
.......D§h.#
...o#.###### ... #.
. ... # . ......
#..... #..~~. #.#
##.~..~ #.# ##~~~..~


You could see a steam dragon (catching breath) and an orc.

Vanquished Creatures
  3 ice beasts
  An orc warrior (D:6)
  2 black bears
  A phantom (D:5)
  A bullfrog (D:6)
  2 scorpions
  2 hounds
  A gnoll bouda (D:4)
  3 sleepcaps
  3 iguanas
  3 orc wizards
  6 gnolls
  7 adders
  2 white imps (D:6)
  An ufetubus (D:6)
  2 worms
  3 dart slugs
  17 orcs
  7 ball pythons
  2 endoplasms
  2 giant cockroaches (D:3)
  7 goblins
  9 hobgoblins
  8 jackals
  5 kobolds
  A quokka (D:4)
  5 bats
  2 frilled lizards (D:2)
  A rat (D:3)
109 creatures vanquished.

Notes
Turn   | Place    | Note
-------+----------+-------------------------------------------
     0 | D:1      | cowhearter the Octopode Shapeshifter began the quest for
                  | the Orb.
     0 | D:1      | Reached XP level 1. HP: 13/13 MP: 1/1
   216 | D:1      | Reached XP level 2. HP: 18/18 MP: 2/2
   633 | D:2      | Found a faded altar of an unknown god.
   662 | D:2      | Reached XP level 3. HP: 23/23 MP: 3/3
   666 | D:2      | Got Plato's Compilation of Translocation
   725 | D:2      | You fall into a shaft and drop 2 floors!
   958 | D:3      | Found a shadowy altar of Dithmenos.
   958 | D:3      | Found a bloodstained altar of Trog.
   974 | D:3      | Became a worshipper of Dithmenos the Shadowed
  1273 | D:2      | Reached skill level 1 in Stealth
  1311 | D:2      | Reached XP level 4. HP: 28/28 MP: 4/4
  2404 | D:4      | Noticed a black bear
  2416 | D:4      | Killed a black bear
  2417 | D:4      | Reached skill level 4 in Unarmed Combat
  2417 | D:4      | Reached XP level 5. HP: 26/33 MP: 5/5
  2621 | D:4      | Reached * piety under Dithmenos
  2622 | D:4      | Reached XP level 6. HP: 32/39 MP: 6/6
  2902 | D:4      | Reached skill level 5 in Unarmed Combat
  3327 | D:4      | Found a white marble altar of Elyvilon.
  3327 | D:4      | Found a glowing silver altar of Zin.
  3329 | D:4      | Found a glowing golden altar of the Shining One.
  3504 | D:5      | Entered Level 5 of the Dungeon
  3554 | D:5      | HP: 1/39 [iguana (12)]
  3556 | D:5      | Reached XP level 7. HP: 1/44 MP: 7/7
  3943 | D:5      | Found a staircase to the Ecumenical Temple.
  4196 | D:5      | Reached skill level 5 in Stealth
  4358 | D:5      | Reached skill level 6 in Unarmed Combat
  4695 | D:5      | Reached XP level 8. HP: 14/50 MP: 8/8
  5570 | D:6      | Reached skill level 7 in Unarmed Combat
  5599 | D:6      | Reached ** piety under Dithmenos
  5699 | D:6      | Killed from afar by a steam dragon

Illustrated notes

Levels and vault maps discovered:
D:1:      dpeg_arrival_central, layout_loops_ring
D:2:      layout_rooms, shapermc_ecumenical_altar_rom_forum,
          minmay_misc_feat_five
D:3:      layout_basic, jmf_multi_god_temple
D:4:      layout_loops_cross, dreamdust_divine_triumvirate
D:5:      layout_cave_pods, minmay_temple_entry_junction
D:6:      cheibrodos_helix_gallery, layout_loops_ring

Skill      XL: |  1  2  3  4  5  6  7  8 |
---------------+-------------------------+-----
Stealth        | 1 2 3 4 5 6 |  6.9
Unarmed Combat | 4 5 6 7 |  7.2
Shapeshifting  | 4 |  4.7
Dodging        | 3 4 |  4.3
Fighting       | 2 |  2.5

Action                     |  1- 3 |  4- 6 |  7- 9 || total
---------------------------+-------+-------+-------++-------
  Melee: Unarmed           |    49 |    96 |   126 ||   271
         Tentacles         |     9 |    14 |    33 ||    56
         Constrict         |    14 |    26 |    23 ||    63
         Punch             |     2 |     5 |     3 ||    10
    Use: Potion            |       |       |     1 ||     1
   Stab: Sleeping          |     5 |     6 |    13 ||    24
 Armour: Skin              |    16 |    44 |    64 ||   124
  Dodge: Dodged            |    25 |    55 |    62 ||   142
   Form: Beast             |     1 |       |       ||     1

Table legend: (Time is in decaauts)
 A = Elapsed time spent in this place.
 B = Non-inter-level travel time spent in this place.
 C = Inter-level travel time spent in this place.
 D = Time resting spent in this place.
 E = Time spent auto-exploring this place.
 F = Levels seen in this place.
 G = Mean time per level.
                   A        B        C        D        E       F      G
               +--------+--------+--------+--------+--------+-----+--------+
         Total |   5677 |   5633 |     44 |   1405 |   3160 |   6 |  946.2 |
       Dungeon |   5677 |   5633 |     44 |   1405 |   3160 |   6 |  946.2 |
               +--------+--------+--------+--------+--------+-----+--------+

Top non-repeatable levels by time:
     D:5: 1542 daAuts
     D:3: 1271 daAuts
     D:4: 963 daAuts
     D:6: 636 daAuts
     D:2: 635 daAuts
     D:1: 626 daAuts
